 Dungeon Crawl Stone Soup version 0.17.0-28-g6e173f8 (webtiles) character file.

3469 septik the Arsonist (level 9, -12/45 HPs)
             Began as a Deep Elf Fire Elementalist on Nov 22, 2015.
             Was an Initiate of Vehumet.
             Killed from afar by septik's ghost (40 damage)
             ... with a fireball
             ... on level 8 of the Dungeon.
             The game lasted 00:20:16 (7782 turns).

septik the Arsonist (Deep Elf Fire Elementalist)    Turns: 7782, Time: 00:20:16

Health: -12/45     AC:  5    Str:  5    XL:     9   Next: 79%
Magic:  8/24       EV: 12    Int: 22    God:    Vehumet [......]
Gold:   467        SH:  3    Dex: 15    Spells: 4 memorised, 14 levels left

rFire  . . .     SeeInvis .     D - staff of conjuration
rCold  . . .     Clarity  +     a - +0 robe
rNeg   . . .     SustAt   .     q - +0 buckler
rPois  .         Gourm    +     (helmet restricted)
rElec  .         Spirit   .     (no cloak)
rCorr  .         Warding  .     r - +2 pair of gloves
rMut   .         Stasis   .     (no boots)
MR     .....                    t - amulet of the gourmand
Stlth  ++........               (no ring)
                                (no ring)

@: not resistant to hostile enchantments, unstealthy
A: horns 1, talons 1, clarity, dopey 1
a: Renounce Religion


You were on level 8 of the Dungeon.
You worshipped Vehumet.
Vehumet was noncommittal.
You were very full.

You visited 2 branches of the dungeon, and saw 9 of its levels.
You also visited: Ossuary.

You collected 467 gold pieces.

Inventory:

Hand Weapons
 e - a +1 whip
 N - a cursed +1 short sword
 O - a +1 dagger
Missiles
 g - 91 stones (quivered)
Armour
 a - a +0 robe (worn)
 q - a +0 buckler (worn)
 r - a +2 pair of gloves (worn)
Magical Staves
 D - an uncursed staff of conjuration (weapon)
Jewellery
 t - an amulet of the gourmand (around neck)
 L - an uncursed ring of ice
Wands
 C - a wand of lightning (5)
 M - a wand of flame (19)
 R - a wand of polymorph (6)
Scrolls
 d - a scroll of magic mapping
 h - a scroll of enchant weapon
 j - a scroll of amnesia {unknown}
 m - 4 scrolls of identify
 n - 4 scrolls of remove curse
 o - a scroll of fog
 y - 2 scrolls of summoning {unknown}
 H - a scroll of torment {unknown}
 K - a scroll of random uselessness {unknown}
 Q - 2 scrolls of silence {unknown}
Potions
 k - 3 potions of poison
 l - a potion of beneficial mutation {unknown}
 p - 3 potions of curing {unknown}
 u - a potion of agility {unknown}
 v - 5 potions of heal wounds {unknown}
 w - a potion of brilliance {unknown}
 x - 3 potions of haste {unknown}
 z - a potion of magic {unknown}
 B - a potion of mutation {unknown}
 F - a potion of cure mutation {unknown}
 G - a potion of flight {unknown}
 I - a potion of lignification {unknown}
 J - a potion of resistance {unknown}
 P - 2 potions of degeneration {unknown}
Books
 b - a book of Flames

   Spells                             Type                      Level
   a - Flame Tongue                   Conjuration/Fire             1
   b - Throw Flame                    Conjuration/Fire             2
   c - Conjure Flame                  Conjuration/Fire             3
   d - Inner Flame                    Hexes/Fire                   3
   e - Sticky Flame                   Conjuration/Fire             4
   f - Fireball                       Conjuration/Fire             5
 s - a book of Enchantments

   Spells                             Type                      Level
   a - Cause Fear                     Hexes                        4
   b - Silence                        Hexes/Air                    5
   c - Deflect Missiles               Charms/Air                   6
   d - Haste                          Charms                       6
   e - Discord                        Hexes                        8
Comestibles
 c - 2 bread rations
 f - 5 beef jerkies
 i - 4 fruits
 A - a slice of pizza
 E - 3 meat rations


   Skills:
 - Level 2.4 Dodging
 - Level 2.4 Stealth
 * Level 9.8 Spellcasting
 * Level 9.4 Conjurations
 + Level 9.8 Fire Magic


You had 14 spell levels left.
You knew the following spells:

 Your Spells              Type           Power        Failure   Level  Hunger
a - Flame Tongue          Conj/Fire      #####        1%          1    None
b - Conjure Flame         Conj/Fire      ######..     1%          3    None
c - Sticky Flame          Conj/Fire      ######..     1%          4    ##.....
d - Fireball              Conj/Fire      ######....   6%          5    ####...


Dungeon Overview and Level Annotations

Branches:
Dungeon (8/15)             Temple (1/1) D:7
   Lair: D:8-11

Altars:
Ashenzari
Cheibriados
Dithmenos
Elyvilon
Fedhas
Gozag
Kikubaaqudgha
Makhleb
Nemelex Xobeh
Okawaru
Qazlal
Ru
Sif Muna
Trog
Vehumet
Xom
Yredelemnul
Zin
The Shining One

Shops:
D:5 (

Annotations:
D:2 Natasha
D:8 septik's ghost, novice DEFE


Innate Abilities, Weirdness & Mutations

You have a pair of small horns on your head.
You have sharp toenails.
You possess an exceptional clarity of mind.
You are dopey. (Int -2)


Message History

Casting: Flame Tongue
Confirm with . or Enter, or press ? or * to list all spells.
Aiming: Flame Tongue
Press: ? - help, Shift-Dir - straight line, f/p - septik's ghost
Aim: septik's ghost, wielding a weapon of speed (lightly damaged)
You feel a surge of power!
The flame tongue misses septik's ghost.
An orc comes into view. It is wielding a hand axe.
Casting: Flame Tongue
Confirm with . or Enter, or press ? or * to list all spells.
Aiming: Flame Tongue
Press: ? - help, Shift-Dir - straight line, f/p - septik's ghost
Aim: septik's ghost, wielding a weapon of speed (lightly damaged)
You feel a surge of power!
The flame tongue hits septik's ghost.
Septik's ghost resists.
Septik's ghost is lightly damaged.
The crimson imp blinks!
Septik's ghost casts a spell at you.
The fireball explodes!
The fireball engulfs you!
Ouch! That really hurt!
You die...

... 5...>
..o......
.######§#...###
......oW.......
#§# #.# #.# #.#
#@# ##### #.#
##...##
#.####.....#
#..........# #
######.....#######
##........)..
############


You could see septik's ghost and 2 orcs.

Vanquished Creatures
  The ghost of septik the Destroyer, a novice DEFE of Vehumet (D:7)
  Eustachio (D:5)
  A steam dragon (D:8)
  A deep elf mage (D:8)
  A sky beast (D:5)
  Duvessa (D:7)
  A phantom (D:5)
  2 ice beasts
  5 centaurs
  2 ogres (D:5)
  A big kobold (D:6)
  Dowan (D:7)
  5 giant frogs
  7 wights (D:7)
  A quasit (D:7)
  A crimson imp (D:5)
  A hound (D:7)
  2 giant frog zombies
  A wasp zombie (D:7)
  A centaur skeleton (D:4)
  2 iguanas
  2 orc priests (D:5)
  A jelly (D:6)
  An orc wizard (D:7)
  2 worker ants
  8 mummies (Ossuary)
  A worker ant zombie (D:5)
  8 gnolls
  3 shadow imps
  12 adders
  3 oozes
  An adder zombie (D:6)
  3 worms
  4 giant geckos
  12 orcs
  2 ball pythons
  8 bats
  2 goblins (D:3)
  2 hobgoblins
  6 jackals
  5 kobolds
  3 quokkas
  A giant gecko zombie (D:5)
  3 giant newts
  5 hobgoblin zombies (Ossuary)
  A jackal zombie (D:6)
  3 kobold zombies
  An orc zombie (Ossuary)
  A quokka zombie (D:5)
  5 rats
148 creatures vanquished.

Notes
Turn   | Place    | Note
--------------------------------------------------------------
     0 | D:1      | septik the Deep Elf Fire Elementalist began the quest for the Orb.
     0 | D:1      | Reached XP level 1. HP: 10/10 MP: 6/6
    98 | D:1      | You fall through a shaft!
   213 | D:2      | Reached XP level 2. HP: 15/15 MP: 5/8
   234 | D:2      | Found a sacrificial altar of Ru.
   702 | D:2      | Noticed Natasha
   760 | D:2      | Reached XP level 3. HP: 15/19 MP: 5/10
   910 | D:2      | Reached skill level 4 in Spellcasting
  1568 | D:3      | Reached XP level 4. HP: 15/24 MP: 1/12
  1580 | D:3      | Found a blossoming altar of Fedhas.
  1647 | D:2      | Found a basalt altar of Yredelemnul.
  2201 | D:3      | Found a sparkling altar of Nemelex Xobeh.
  2385 | D:4      | Reached XP level 5. HP: 28/28 MP: 9/13
  2497 | D:4      | Found a bloodstained altar of Trog.
  2598 | D:4      | Noticed an ogre
  2601 | D:5      | Entered Level 5 of the Dungeon
  2606 | D:5      | Learned a level 3 spell: Conjure Flame
  2611 | D:5      | Learned a level 4 spell: Sticky Flame
  2617 | D:5      | Learned a level 5 spell: Fireball
  2626 | D:5      | Noticed a sky beast
  2636 | D:5      | Killed a sky beast
  2636 | D:5      | Reached skill level 5 in Spellcasting
  2636 | D:5      | Reached XP level 6. HP: 25/32 MP: 10/15
  2655 | D:5      | Gained mutation: You have a pair of small horns on your head. [mutagenic meat]
  2656 | D:5      | Gained mutation: You possess an exceptional clarity of mind. [mutagenic meat]
  2657 | D:5      | Gained mutation: You are dopey. (Int -2) [mutagenic meat]
  2659 | D:5      | Gained mutation: You have sharp toenails. [mutagenic meat]
  2705 | D:5      | Noticed an ogre
  2709 | D:5      | Killed an ogre
  2709 | D:5      | Reached skill level 5 in Conjurations
  2709 | D:5      | Reached skill level 5 in Fire Magic
  2831 | D:5      | Found a sand-covered staircase.
  2912 | Ossuary  | Entered an ossuary
  3094 | Ossuary  | Reached XP level 7. HP: 36/36 MP: 12/17
  3339 | D:5      | Noticed an ogre
  3350 | D:5      | Killed an ogre
  3350 | D:5      | Reached skill level 6 in Conjurations
  3507 | D:5      | Noticed a phantom
  3516 | D:5      | Killed a phantom
  3631 | D:5      | Found Susche Uph's Antique Weapon Shoppe.
  3631 | D:5      | Noticed Eustachio
  3646 | D:5      | Killed Eustachio
  3672 | D:5      | Reached skill level 7 in Conjurations
  4014 | D:5      | Reached XP level 8. HP: 14/41 MP: 10/19
  5678 | D:7      | Reached skill level 8 in Conjurations
  5717 | D:7      | Found a stormy altar of Qazlal.
  5720 | D:7      | Reached XP level 9. HP: 45/45 MP: 4/23
  6049 | D:7      | Reached skill level 9 in Fire Magic
  6056 | D:7      | Found a staircase to the Ecumenical Temple.
  6060 | D:7      | Noticed Dowan
  6060 | D:7      | Noticed septik's ghost (novice DEFE)
  6080 | D:7      | Killed septik's ghost
  6110 | Temple   | Entered the Ecumenical Temple
  6478 | Temple   | Became a worshipper of Vehumet
  6519 | D:7      | Noticed Duvessa
  6528 | D:7      | Killed Duvessa
  6533 | D:7      | Killed Dowan
  7110 | D:8      | Noticed septik's ghost (novice DEFE)
  7673 | D:8      | Found a burning altar of Makhleb.
  7676 | D:8      | Found a glowing golden altar of the Shining One.
  7782 | D:8      | Killed from afar by septik's ghost

Action                   |  1- 3 |  4- 6 |  7- 9 || total
-------------------------+-------+-------+-------++-------
Melee: Whip              |       |       |    25 ||    25
       Staff             |       |       |     8 ||     8
Throw: Stone             |       |     1 |     3 ||     4
 Cast: Flame Tongue      |    67 |   100 |   262 ||   429
       Conjure Flame     |       |     2 |     7 ||     9
       Sticky Flame      |       |       |    11 ||    11
       Fireball          |       |       |     8 ||     8
  Use: Scroll            |       |     9 |       ||     9
  Eat: Chunk             |     2 |     9 |    28 ||    39
